 Dungeon Crawl Stone Soup version 0.29-a0-857-g9b1aa3ac5b (webtiles) character file.

Game seed: 9724800635344178937

133 porpoise the Poker (level 5, -1/42 HPs)
             Began as a Barachi Gladiator on July 16, 2022.
             Slain by Grinder (6 damage)
             ... on level 4 of the Dungeon.
             The game lasted 00:09:41 (3470 turns).

porpoise the Poker (Barachi Gladiator)              Turns: 3470, Time: 00:09:42

Health: -1/42      AC:  6    Str: 17    XL:     5   Next: 16%
Magic:  5/5        EV: 11    Int:  8    God:
Gold:   188        SH:  0    Dex: 14    Spells: 4/4 levels left

rFire   . . .      SeeInvis .   a - +0 trident
rCold   . . .      Faith    .   (no shield)
rNeg    . . .      Spirit   .   f - +0 ring mail
rPois   .          Reflect  .   c - +0 helmet
rElec   .          Harm     .   (no cloak)
rCorr   .          Rampage  .   (no gloves)
Will    .....                   (no boots)
Stlth   +.........              (no amulet)
HPRegen 0.14/turn               (no ring)
MPRegen 0.09/turn               (no ring)

@: slow
A: amphibious, slowness 1, strong legs 1, +LOS
a: Hop


You were on level 4 of the Dungeon.
You visited 1 branch of the dungeon, and saw 4 of its levels.

You collected 188 gold pieces.

Inventory:

Hand Weapons
 a - a +0 trident (weapon)
 b - a +0 sling of freezing
Missiles
 d - 2 throwing nets (quivered)
 e - a javelin
 r - 8 poisoned darts
Armour
 c - a +0 helmet (worn)
 f - a +0 ring mail (worn)
Magical Staves
 s - a staff of fire
Jewellery
 m - a ring of fire
 o - the ring "Rorekh" {Ice SInv}
   (You found it on level 2 of the Dungeon)

   [ring of ice]

   It enhances your ice magic.
   rF:        It makes you vulnerable to fire.
   rC:        It protects you from cold.
   SInv:      It lets you see invisible.
 p - a ring of magical power
Scrolls
 j - 2 scrolls of magic mapping
 l - a scroll of immolation {unknown}
 q - a scroll of fog {unknown}
 t - 2 scrolls of vulnerability {unknown}
Potions
 g - a potion of cancellation
 h - 2 potions of brilliance
 i - a potion of heal wounds
 k - 2 potions of curing
 n - a potion of berserk rage
 u - a potion of mutation {unknown}


   Skills:
 + Level 4.0 Fighting
 * Level 5.0 Polearms
 - Level 2.0 Throwing
 - Level 3.2 Dodging


You had 4 spell levels left.
You didn't know any spells.
Your spell library contained the following spells:

 Spells                   Type           Power      Damage    Failure   Level
 Sublimation of Blood     Necr           0%         N/A       77%         2
 Wereblood                Tmut           0%         N/A       77%         2
 Summon Hydra             Summ           0%         N/A       100%        7


Dungeon Overview and Level Annotations

Branches:
Dungeon (4/15)
 Temple: D:4-7

Altars:
Makhleb
Qazlal

Shops:
D:1 (((=

Annotations:
D:4 Grinder


Innate Abilities, Weirdness & Mutations

You are amphibious.
You cover ground slowly.
You can hop short distances.
You have an extended range of vision and can be seen from far away.


Message History

Found 6 poisoned darts.
Grinder says, "Don't move a muscle."
You closely miss Grinder. Grinder gestures at you.
Pain shoots through your body! Grinder misses you.
You hit Grinder.
Grinder is lightly wounded.
Grinder hits you.
You writhe in agony.
Grinder gestures at you. Pain shoots through your body!
You closely miss Grinder.
Grinder is lightly wounded.
Grinder hits you.
You writhe in agony.
You are too injured to fight recklessly!
Unknown command.
You closely miss Grinder.
Grinder is lightly wounded.
Grinder barely misses you. x2
You hit Grinder.
Grinder is moderately wounded.
Grinder hits you!
You writhe in agony.
* * * LOW HITPOINT WARNING * * *
You feel much better. Grinder closely misses you. Grinder gestures at you.
Pain shoots through your body!
You puncture Grinder!
Grinder is moderately wounded.
Grinder gestures at you. Pain shoots through your body!
You barely miss Grinder.
Grinder is moderately wounded.
Grinder closely misses you.
Grinder says, "There's only one good use for a tongue: cutting it out."
Grinder hits you.
You hit Grinder.
Grinder is heavily wounded.
Grinder hits you!
* * * LOW HITPOINT WARNING * * *
You writhe in agony.
You die...

#..##.#...#. .(.
#....#.... ....
#....... ....
#..#..## ## .....
#......# .#......
#.....####.#......
#..<..............
##.......=........
##...#..@5.......
#......(..........
##.......).#...#..
####.#.##...#.#
#.### ...# .. ###
##... .. ....
###.. #.


You could see Grinder (fast).

Vanquished Creatures
  5 adders
  5 worms
  A dart slug (D:1)
  3 orcs (D:3)
  5 bats
  8 endoplasms
  4 goblins
  9 hobgoblins
  6 jackals
  A quokka (D:1)
  7 ball pythons
  A frilled lizard (D:2)
  4 kobolds
  4 rats (D:1)
63 creatures vanquished.

Vanquished Creatures (others)
  A fungus (D:1)
1 creature vanquished.

Grand Total: 64 creatures vanquished

Notes
Turn   | Place    | Note
-------+----------+-------------------------------------------
     0 | D:1      | porpoise the Barachi Gladiator began the quest for the Orb.
     0 | D:1      | Reached XP level 1. HP: 17/17 MP: 1/1
   204 | D:1      | Reached XP level 2. HP: 23/23 MP: 2/2
   416 | D:1      | Found Qiecken's Weapon Emporium.
   727 | D:1      | Found Muveghil's Jewellery Emporium.
   808 | D:1      | Found Seryg's Weapon Emporium.
   992 | D:1      | Found Qumecano's Weapon Emporium.
  1209 | D:1      | Reached XP level 3. HP: 29/29 MP: 3/3
  1420 | D:2      | Reached skill level 4 in Polearms
  1448 | D:2      | Identified the ring "Rorekh" {Ice SInv}
  1659 | D:2      | Reached XP level 4. HP: 34/35 MP: 4/4
  2198 | D:3      | Found a stormy altar of Qazlal.
  3032 | D:3      | Reached XP level 5. HP: 42/42 MP: 5/5
  3144 | D:3      | Reached skill level 5 in Polearms
  3262 | D:3      | Found a burning altar of Makhleb.
  3262 | D:3      | Noticed a balrug
  3266 | D:3      | Noticed an orange demon
  3266 | D:3      | Noticed a hellwing
  3452 | D:4      | Noticed Grinder
  3454 | D:4      | Paralysed by Grinder for 3 turns
  3470 | D:4      | Slain by Grinder

Illustrated notes

Levels and vault maps discovered:
D:1:      dpeg_arrival_water_fire, layout_loops_corners, serial_shops,
          nicolae_diamond_shop, shop, nicolae_shop_bloodbath_and_beyond, shop,
          nicolae_figureground_pulse
D:2:      layout_rooms, minivault_14, grunt_decor_mini_mirrors
D:3:      layout_loops_corners, overflow_temple_1_default,
          makhleb_altar_promises_db, kennysheep_minor_cross
D:4:      layout_cave_pools, serial_shops, shop, enter_ossuary_4, uniq_pikel,
          uniq_blork_the_orc, uniq_natasha, uniq_grinder

Skill      XL: |  1  2  3  4  5 |
---------------+----------------+-----
Fighting       | 3 4 |  4.0
Polearms       | 4 5 |  5.0
Throwing       | |  2.0
Dodging        | |  3.2

Action                   |  1- 3 |  4- 6 || total
-------------------------+-------+-------++-------
Melee: Trident           |    99 |    99 ||   198
       Punch             |     1 |     1 ||     2
 Fire: Sling             |    29 |    11 ||    40
Throw: Throwing net      |       |     1 ||     1
  Use: Scroll            |       |     7 ||     7
       Potion            |       |     1 ||     1
Armor: Ring mail         |    46 |    24 ||    70
Dodge: Dodged            |    72 |    38 ||   110

Table legend: (Time is in decaauts)
 A = Elapsed time spent in this place.
 B = Non-inter-level travel time spent in this place.
 C = Inter-level travel time spent in this place.
 D = Time resting spent in this place.
 E = Time spent auto-exploring this place.
 F = Levels seen in this place.
 G = Mean time per level.
                   A        B        C        D        E       F      G
               +--------+--------+--------+--------+--------+-----+--------+
         Total |   3960 |   3829 |    131 |    685 |   2530 |   4 |  990.0 |
       Dungeon |   3960 |   3829 |    131 |    685 |   2530 |   4 |  990.0 |
               +--------+--------+--------+--------+--------+-----+--------+

Top non-repeatable levels by time:
     D:3: 1530 daAuts
     D:1: 1492 daAuts
     D:2: 919 daAuts
     D:4: 19 daAuts
